 Dungeon Crawl Stone Soup version 0.31-a0-507-gbafd7f5274 (webtiles) character file.

Game seed: 61986827107630756

441 Anon1729 the Slasher (level 6, -1/56 HPs)
             Began as a Minotaur Monk on Aug 9, 2023.
             Slain by a gnoll
             ... wielding a +0 spear
              (7 damage)
             ... on level 3 of the Dungeon.
             The game lasted 00:02:05 (2782 turns).

Anon1729 the Slasher (Minotaur Monk)                Turns: 2782, Time: 00:02:05

Health: -1/56      AC:  2    Str: 16    XL:     6   Next: 70%
Magic:  5/5        EV: 14    Int:  7    God:
Gold:   133        SH:  0    Dex: 14    Spells: 5/5 levels left

rFire   . . .        a - +0 falchion
rCold   . . .        d - orb {light}
rNeg    . . .        b - +0 robe
rPois   .            (helmet restricted)
rElec   .            (no cloak)
rCorr   .            (no gloves)
SInv    +            (no boots)
Will    +....        f - amulet of regeneration
Stlth   +            n - ring of willpower
HPRegen 1.09/turn    m - ring of see invisible
MPRegen 0.09/turn

%: no passive effects
@: confused, ambrosia-drunk, glowing
A: horns 2, retaliatory headbutt
a: no special abilities


You were on level 3 of the Dungeon.
You visited 1 branch of the dungeon, and saw 3 of its levels.

You collected 133 gold pieces.

Inventory:

Hand Weapons
 a - a +0 falchion (weapon)
Armour
 b - a +0 robe (worn)
 d - an orb of light (worn)
Jewellery
 f - an amulet of regeneration (around neck)
 i - a ring of positive energy
 m - a ring of see invisible (right hand)
 n - a ring of willpower (left hand)
 o - a ring of willpower
 x - a +5 ring of evasion
Wands
 w - a wand of iceblast (6)
Scrolls
 g - 2 scrolls of immolation {unknown}
 h - 2 scrolls of teleportation {unknown}
 j - 2 scrolls of identify {unknown}
 k - a scroll of amnesia {unknown}
 p - a scroll of poison {unknown}
 r - a scroll of revelation {unknown}
 s - a scroll of fog {unknown}
Potions
 c - 2 potions of ambrosia
 e - 2 potions of curing {unknown}
 l - 2 potions of heal wounds {unknown}
 q - a potion of mutation {unknown}
 t - a potion of magic {unknown}
 u - a potion of brilliance {unknown}
 v - a potion of lignification {unknown}


   Skills:
 + Level 5.5 Fighting
 + Level 5.5 Long Blades
 + Level 3.9 Armour
 + Level 5.0 Dodging


You had 5 spell levels left.
You didn't know any spells.
Your spell library was empty.

Dungeon Overview and Level Annotations

Branches:
Dungeon (3/15)

Altars:
Fedhas
Nemelex Xobeh

Shops:
D:1 (*


Innate Abilities, Weirdness & Mutations

You have a pair of horns on your head.
You reflexively headbutt those who attack you in melee.


Message History

You are too injured to fight recklessly!
You are too injured to fight recklessly!
You are too injured to fight recklessly!
You are too injured to fight recklessly!
You are too injured to fight recklessly!
You are too injured to fight recklessly!
You are too injured to fight recklessly!
You are too injured to fight recklessly!
You are too injured to fight recklessly!
You are too injured to fight recklessly!
You are too injured to fight recklessly!
You are too injured to fight recklessly!
You are too injured to fight recklessly!
You are too injured to fight recklessly!
You are too injured to fight recklessly!
Unknown command.
Unknown command.
Unknown command.
You barely miss the gnoll.
You headbutt the gnoll, but do no damage.
The gnoll is almost dead.
The gnoll hits you with a +0 whip.
The gnoll hits you from afar with a +0 spear.
The gnoll misses you. The hobgoblin hits you. The gnoll closely misses you.
The gnoll barely misses you. The gnoll hits you but does no damage.
The hobgoblin hits you.
* * * LOW HITPOINT WARNING * * *
You hit the gnoll.
You kill the gnoll!
The gnoll hits you from afar with a +0 spear.
* * * LOW HITPOINT WARNING * * *
The hobgoblin misses you.
The gnoll hits you from afar with a +0 spear!
* * * LOW HITPOINT WARNING * * *
The hobgoblin attacks as you move away! The hobgoblin hits you.
* * * LOW HITPOINT WARNING * * *
You are confused.
You feel invigorated.
The gnoll hits you from afar with a +0 spear!
You die...

######## #########
#).@...## ##.....#..
#.g)....###......').
'##ggg.....#.......###
#...........#......)...
#...........'......)...
#...........#......))..
#+##........#.......###
#.......###......'.)
#≈≈≈≈≈≈≈# #......##
##.....#.)


You could see 2 gnolls and 2 hobgoblins.

Vanquished Creatures
  Sigmund (D:2)
  Jessica (D:2)
  Natasha (thrice) (D:2)
  7 gnolls
  A dart slug (D:1)
  3 orcs (D:3)
  4 bats
  5 endoplasms
  2 giant cockroaches (D:3)
  25 goblins
  22 hobgoblins
  7 jackals
  2 quokkas
  2 ball pythons
  4 frilled lizards
  3 kobolds (D:3)
  5 rats
97 creatures vanquished.

Notes
Turn   | Place    | Note
-------+----------+-------------------------------------------
     0 | D:1      | Anon1729 the Minotaur Monk began the quest for the Orb.
     0 | D:1      | Reached XP level 1. HP: 19/19 MP: 0/0
    32 | D:1      | Found Towkit's General Store.
   182 | D:1      | Reached XP level 2. HP: 27/27 MP: 1/1
   193 | D:1      | Found Ekooru's Weapon Boutique.
   263 | D:1      | Reached skill level 1 in Armour
   903 | D:2      | Noticed Natasha
   909 | D:2      | Killed Natasha
   910 | D:2      | Reached XP level 3. HP: 33/33 MP: 2/2
   969 | D:2      | Found a faded altar of an unknown god.
  1031 | D:2      | Noticed Jessica
  1039 | D:2      | Killed Jessica
  1040 | D:2      | Reached XP level 4. HP: 37/41 MP: 3/3
  1144 | D:2      | Noticed Sigmund
  1148 | D:2      | Noticed Natasha
  1328 | D:2      | Killed Natasha
  1339 | D:2      | Killed Sigmund
  1340 | D:2      | Reached skill level 5 in Fighting
  1340 | D:2      | Reached skill level 5 in Long Blades
  1340 | D:2      | Reached XP level 5. HP: 20/48 MP: 4/4
  1340 | D:2      | Reached XP level 6. HP: 24/56 MP: 5/5
  1555 | D:2      | Noticed Natasha
  1558 | D:2      | Killed Natasha
  1970 | D:3      | Found a sparkling altar of Nemelex Xobeh.
  2065 | D:3      | Identified the +4 ring mail "Earthly Heaven" {rF++}
  2397 | D:3      | Identified the +4 plate armour of the Blessed Realm {rPois
                  | rC- rN+ Int+2}
  2428 | D:3      | Found a blossoming altar of Fedhas.
  2728 | D:3      | Reached skill level 5 in Dodging
  2781 | D:3      | HP: 1/56 [hobgoblin (5)]
  2782 | D:3      | Slain by a gnoll

Illustrated notes

Levels and vault maps discovered:
D:1:      lightli_arrival_statue_moat, layout_basic, serial_shops, shop, shop,
          kennysheep_another_room, palyth_stone_intersect
D:2:      layout_loops_ring, ebering_ecumenical_altar_webs, uniq_sigmund,
          uniq_natasha, uniq_jessica
D:3:      minmay_goblin_kobold_castle, layout_loops_corners,
          nemelex_diamond_rough_becter, mainiacjoe_overflow_boulevard,
          grunt_decor_mini_mirrors, minmay_randomly_rotated_circles

Skill      XL: |  1  2  3  4  5  6 |
---------------+-------------------+-----
Armour         | 1 2 3 |  3.9
Long Blades    | 4 5 |  5.5
Fighting       | 4 5 |  5.5
Dodging        | 4 5 |  5.0

Action                     |  1- 3 |  4- 6 || total
---------------------------+-------+-------++-------
  Melee: Falchion          |    38 |   130 ||   168
         Headbutt          |     7 |    21 ||    28
    Use: Potion            |       |     1 ||     1
 Armour: Robe              |     4 |    24 ||    28
  Dodge: Dodged            |    23 |   155 ||   178

Table legend: (Time is in decaauts)
 A = Elapsed time spent in this place.
 B = Non-inter-level travel time spent in this place.
 C = Inter-level travel time spent in this place.
 D = Time resting spent in this place.
 E = Time spent auto-exploring this place.
 F = Levels seen in this place.
 G = Mean time per level.
                   A        B        C        D        E       F      G
               +--------+--------+--------+--------+--------+-----+--------+
         Total |   2798 |   2683 |    115 |    171 |   2091 |   3 |  932.7 |
       Dungeon |   2798 |   2683 |    115 |    171 |   2091 |   3 |  932.7 |
               +--------+--------+--------+--------+--------+-----+--------+

Top non-repeatable levels by time:
     D:1: 1038 daAuts
     D:3: 978 daAuts
     D:2: 781 daAuts
